Map: Tempestad

Players

MrFercho - Winner!

  • Race: Zerg Zerg
  • League: Silver
  • Spawn Location: 7:00

TATORREA

  • Race: Protoss Protoss
  • League: Silver
  • Spawn Location: 5:00

tigro

  • Race: Terran Terran
  • Spawn Location: 6:00

VOD

Have the link to the VOD?

Description

Time

  • Played on: May 7, 2020, 9:31 p.m.
  • Length: 15:29
Show
View Real Time Build Order
Export as new Build Order

MrFercho Zerg - Winner!

Build Orders: Pool First 

Get SALT Encoding   

  12  0:08  Overlord  
  12  0:15  Drone  
  13  0:23  Drone  
  14  0:33  Drone x2  
  16  0:44  Drone  
  17  0:51  Extractor  
  17  0:53  Extractor  
  17  0:55  Drone  
  16  1:03  Drone  
  17  1:17  Drone  
  18  1:30  Drone  
  19  1:37  Spawning Pool  
  18  1:46  Drone  
  18  1:47  Drone  
  20  1:54  Hatchery  
  20  1:57  Drone  
  20  2:10  Drone  
  21  2:30  Overlord  
  21  2:36  Queen  
  22  2:48  Drone  
  22  2:49  Overlord  
  23  3:02  Metabolic Boost  
  23  3:10  Queen  
  23  3:11  Drone  
  26  3:23  Drone x3  
  29  3:31  Zergling x4  
  31  3:46  Zergling x4  
  24  4:14  Hatchery  
  23  4:18  Zergling x6  
  23  4:22  Zergling x2  
  23  4:23  Zergling x4  
  22  5:33  Drone  
  21  5:37  Drone x3  
  24  5:46  Drone  
  24  5:47  Drone x2  
  27  5:50  Drone  
  27  5:51  Drone  
  29  5:57  Hatchery  
  29  6:00  Drone x2  
  30  6:11  Extractor  
  30  6:12  Extractor  
  30  6:17  Drone  
  29  6:28  Roach Warren  
  29  6:31  Lair  
  28  6:37  Drone x3  
  31  7:02  Drone  
  31  7:03  Drone x2  
  31  7:06  Drone x3  
  37  7:12  Drone  
  38  7:26  Drone  
  38  7:27  Drone x6  
  45  7:36  Extractor  
  44  7:39  Extractor  
  43  7:44  Spire  
  41  7:52  Spire  
  40  8:06  Spine Crawler  
  40  8:11  Spine Crawler  
  38  8:15  Roach  
  38  8:16  Roach x2  
  44  8:22  Drone x3  
  47  8:38  Hatchery  
  47  8:39  Drone x6  
  47  8:40  Hatchery  
  47  8:41  Queen  
  51  8:43  Queen  
  55  10:19  Overlord  
  55  10:20  Overlord  
  53  10:47  Mutalisk x3  
  53  10:48  Mutalisk x10  
  57  11:43  Mutalisk x6  
  69  11:54  Overlord x3  
  65  12:29  Hatchery  
  64  12:30  Mutalisk  
  64  12:31  Mutalisk x14  
  94  13:00  Overlord x2  
  92  14:46  Overlord x2  
  92  14:47  Overlord, Mutalisk  
  92  14:48  Mutalisk x11  
Show
View Real Time Build Order
Export as new Build Order

TATORREA Protoss 

Build Orders:  

Get SALT Encoding   

  12  0:02  Probe  
  13  0:19  Probe  
  13  0:21  Pylon  
  14  0:31  Probe  
  15  0:44  Gateway  
  15  0:47  Probe  
  16  0:50  Assimilator  
  16  0:59  Probe  
  17  1:12  Probe  
  17  1:14  Gateway  
  18  1:24  Probe  
  19  1:32  Assimilator  
  19  1:36  Probe  
  20  1:45  Cybernetics Core  
  20  1:49  Pylon, Probe  
  20  1:51  Zealot  
  23  2:07  Probe, Zealot  
  26  2:19  Probe  
  26  2:22  Warp Gate, Pylon  
  27  2:32  Probe  
  28  2:44  Forge  
  28  2:49  Stargate  
  28  2:56  Robotics Facility  
  28  3:02  Stalker  
  30  3:12  Stalker  
  32  3:17  Probe  
  33  3:31  Probe  
  33  3:33  Protoss Ground Weapons Level 1  
  34  3:57  Stalker x2  
  34  4:00  Probe  
  39  4:15  Pylon  
  39  4:27  Pylon  
  39  4:33  Oracle, Probe, Observer  
  44  4:44  Pylon  
  42  4:48  Pylon  
  42  4:52  Pylon  
  40  4:59  Pylon  
  40  5:11  Protoss Air Weapons Level 1  
  40  5:15  Stalker x2  
  32  5:41  Oracle  
  35  5:43  Probe  
  36  5:55  Probe  
  37  6:02  Stalker  
  37  6:03  Stalker  
  41  6:07  Probe  
  42  6:19  Probe  
  43  7:11  Stalker x2  
  27  7:40  Stalker  
  27  7:41  Stalker  
  27  8:01  Void Ray (Chrono Boost)  
  27  8:03  Immortal  
  35  8:57  Nexus  
  35  9:06  Pylon  
  35  9:38  Pylon  
  35  9:45  Robotics Bay  
  35  9:48  Fleet Beacon  
  35  10:16  Gateway  
  35  11:05  Gateway  
  35  11:25  Probe  
  36  11:30  Colossus  
  42  11:38  Extended Thermal Lance  
  42  11:54  Assimilator  
  42  12:35  Probe  
  43  12:47  Probe  
  43  12:49  Tempest  
  49  12:59  Probe  
  50  13:07  Cybernetics Core  
  50  13:11  Probe  
  45  13:51  Stalker x2  
  26  14:14  Pylon  
  26  14:15  Stalker  
  26  14:16  Stalker, Pylon  
Show
View Real Time Build Order
Export as new Build Order

tigro Terran 

Build Orders:  

Get SALT Encoding   

  12  0:03  SCV  
  13  0:15  SCV  
  14  0:26  Supply Depot  
  14  0:27  SCV  
  15  0:42  Refinery  
  15  0:48  SCV  
  16  1:00  Barracks, SCV  
  17  1:12  SCV  
  18  1:20  Supply Depot  
  18  1:24  SCV  
  19  1:36  SCV  
  20  1:42  Refinery  
  20  1:48  SCV  
  20  1:49  Marine  
  22  2:00  SCV  
  23  2:05  Barracks  
  23  2:07  Marine  
  24  2:13  SCV  
  25  2:25  Marine, SCV  
  25  2:27  Engineering Bay  
  27  2:43  Marine  
  28  2:48  Orbital Command  
  28  2:53  Barracks Tech Lab  
  28  3:01  Marine  
  29  3:31  Command Center  
  28  3:46  Barracks Tech Lab  
  26  3:58  Marauder  
  25  4:05  Marauder  
  27  4:20  Marauder  
  27  4:21  Factory  
  29  4:27  Marauder  
  31  4:42  Marauder  
  33  4:48  Marauder  
  35  5:04  Marauder  
  37  5:09  Marauder  
  39  5:16  Factory Tech Lab  
  39  5:22  SCV  
  39  5:23  Command Center  
  39  5:25  Marauder  
  42  5:30  Combat Shield  
  42  5:31  Armory  
  42  5:32  Stimpack  
  42  5:51  Marine  
  43  6:05  Terran Infantry Weapons Level 1  
  43  6:08  Marine  
  44  6:20  Starport  
  44  6:24  Siege Tank  
  47  6:34  Marine  
  47  6:39  Planetary Fortress  
  42  6:49  Concussive Shells  
  42  6:52  Marine  
  33  7:10  Marine  
  18  7:59  Terran Infantry Armor Level 1  
  18  8:03  Starport Tech Lab  
  18  8:11  Missile Turret  
  18  8:14  Marine  
  19  8:32  Marine  
  19  8:33  Missile Turret  
  20  8:38  Marine  
  18  8:49  SCV  
  18  8:50  Marine  
  13  8:56  Marine, Missile Turret  
  13  9:02  SCV  
  15  9:08  Marine  
  16  9:14  Marine, SCV  
  17  9:26  Marine  
  17  9:29  Medivac  
  20  9:32  Marine  
  21  9:43  Marine  
  22  9:50  Marine  
  23  9:53  Neosteel Armor  
  23  10:08  Fusion Core  
  23  10:11  Marine  
  24  10:18  SCV  
  25  10:29  Marine  
  25  10:30  SCV  
  27  10:42  SCV  
  27  10:46  Marine  
  28  10:56  Marine  
  29  11:04  Marine  
  30  11:14  Marine  
  30  11:22  Marine  
  29  11:32  Marine  
  26  11:45  Marine  
  26  11:50  Marine  
  18  12:03  Marine  
  18  12:06  Medivac  
  18  12:08  Marine  
  16  12:26  Marine  
  16  12:43  Marine  
Tags
 
Add a new tag
Caveats
  • Supply blocks, unpowered buildings, or Contaminate may cause inaccurate times.
  • Supply counts are checked every 10 seconds.